% Time on Ice - OKANAGAN RATTLESNAKES
Lines # - Real PCT - Wanted PCT - Time Play
Normal Forward
1 - 35% - 36% - 17:34
2 - 29% - 31% - 14:38
3 - 20% - 23% - 9:57
4 - 16% - 10% - 8:14
Normal Defense
1 - 37% - 36% - 18:44
2 - 32% - 31% - 15:54
3 - 26% - 23% - 13:15
4 - 5% - 10% - 2:30
PP Forward
1 - 44% - 55% - 1:44
2 - 56% - 45% - 2:14
PP Defense
1 - 44% - 55% - 1:44
2 - 56% - 45% - 2:14
PK Forward
1 - 60% - 55% - 2:12
2 - 40% - 45% - 1:28
PK Defense
1 - 46% - 55% - 1:41
2 - 54% - 45% - 1:59
PK3 Forward
1 - 0% - 55%
2 - 0% - 45%
PK3 Defense
1 - 0% - 55%
2 - 0% - 45%
44 Forward
1 - 66% - 55% - 1:19
2 - 34% - 45% - 0:40
44 Defense
1 - 36% - 55% - 0:43
2 - 64% - 45% - 1:16
Last Minute Offensive  - 0:00
Last Minute Defensive  - 0:00
Total
Forward - 60:00
Defense - 60:00
% Time on Ice - PHOENIX MUSTANGS
Lines # - Real PCT - Wanted PCT - Time Play
Normal Forward
1 - 33% - 34% - 16:52
2 - 31% - 30% - 15:38
3 - 26% - 26% - 13:19
4 - 9% - 10% - 4:34
Normal Defense
1 - 38% - 40% - 19:00
2 - 38% - 40% - 19:13
3 - 24% - 20% - 12:10
4 - 0% - 0% - 0:00
PP Forward
1 - 57% - 65% - 2:05
2 - 43% - 35% - 1:35
PP Defense
1 - 57% - 60% - 2:05
2 - 43% - 40% - 1:35
PK Forward
1 - 43% - 50% - 1:43
2 - 57% - 50% - 2:15
PK Defense
1 - 45% - 58% - 1:47
2 - 55% - 42% - 2:11
PK3 Forward
1 - 0% - 50%
2 - 0% - 50%
PK3 Defense
1 - 0% - 50%
2 - 0% - 50%
44 Forward
1 - 67% - 52% - 1:20
2 - 33% - 48% - 0:39
44 Defense
1 - 67% - 52% - 1:20
2 - 33% - 48% - 0:39
Last Minute Offensive  - 0:00
Last Minute Defensive  - 0:00
Total
Forward - 60:00
Defense - 60:00
Play-by-Play 1st period 0:01 of 1st period - John Tavares wins face-off versus Lars Eller in neutral zone. 0:37 of 1st period - Shot by Clayton Keller. 0:37 of 1st period - Shot Misses the Net. 1:17 of 1st period - Icing by Andrew Copp. 1:18 of 1st period - Oskar Sundqvist wins face-off versus Ryan O'Reilly in PHOENIX MUSTANGS zone. 1:35 of 1st period - Oskar Sundqvist is hit by Marco Scandella and loses puck. 1:50 of 1st period - Shot by Andrew Copp. 1:50 of 1st period - Shot Misses the Net. 1:53 of 1st period - Icing by Jani Hakanpaa. 1:54 of 1st period - Oskar Sundqvist wins face-off versus Jesper Fast in OKANAGAN RATTLESNAKES zone. 1:56 of 1st period - Minor Penalty to Jordan Greenway for High sticking. 1:57 of 1st period - John Tavares wins face-off versus Alexander Wennberg in PHOENIX MUSTANGS zone. 2:14 of 1st period - Shot by Jesper Fast. 2:14 of 1st period - Shot Blocked by Vince Dunn. 3:30 of 1st period - Shot by Andrew Copp. 3:30 of 1st period - Shot Misses the Net. 3:37 of 1st period - Jesper Fast is hit by Mattias Ekholm and loses puck. 4:00 of 1st period - Shot by Ondrej Kase. 4:00 of 1st period - Deflect By Vinni Lettieri. 4:00 of 1st period - Stopped by Ville Husso without a rebound. 4:01 of 1st period - Luke Kunin wins face-off versus Vinni Lettieri in OKANAGAN RATTLESNAKES zone. 4:13 of 1st period - Icing by Justin Faulk. 4:14 of 1st period - Jason Spezza wins face-off versus Luke Kunin in OKANAGAN RATTLESNAKES zone. 4:31 of 1st period - Shot by Jesper Fast. 4:31 of 1st period - Shot Blocked by Mattias Ekholm. 4:42 of 1st period - Shot by Jordan Greenway. 4:42 of 1st period - Deflect By Jesper Fast. 4:42 of 1st period - Shot Misses the Net. 4:46 of 1st period - Shot by Jesper Fast. 4:46 of 1st period - Shot Misses the Net. 4:48 of 1st period - Shot by Jordan Greenway. 4:48 of 1st period - Stopped by Ville Husso without a rebound. 4:49 of 1st period - Ryan O'Reilly wins face-off versus Alexander Wennberg in OKANAGAN RATTLESNAKES zone. 4:58 of 1st period - Shot by Ryan O'Reilly. 4:58 of 1st period - Shot Misses the Net. 5:00 of 1st period - Shot by Andrew Copp. 5:00 of 1st period - Shot Blocked by Olli Maatta. 5:02 of 1st period - Shot by Ryan O'Reilly. 5:02 of 1st period - Shot Misses the Net. 5:04 of 1st period - Shot by Andrew Copp. 5:04 of 1st period - Stopped by Ville Husso with a rebound. 5:22 of 1st period - Shot by Andrew Copp. 5:22 of 1st period - Shot Misses the Net. 5:24 of 1st period - Shot by Andrew Copp. 5:24 of 1st period - Stopped by Ville Husso without a rebound. 5:25 of 1st period - John Tavares wins face-off versus Lars Eller in OKANAGAN RATTLESNAKES zone. 5:30 of 1st period - Shot by John Tavares. 5:30 of 1st period - Stopped by Ville Husso without a rebound. 5:31 of 1st period - Lars Eller wins face-off versus Jason Spezza in OKANAGAN RATTLESNAKES zone. 5:42 of 1st period - Shot by T.J. Oshie. 5:42 of 1st period - Stopped by Jack Campbell without a rebound. 5:43 of 1st period - John Tavares wins face-off versus Jordan Eberle in PHOENIX MUSTANGS zone. 6:15 of 1st period - Shot by John Tavares. 6:15 of 1st period - Shot Misses the Net. 6:17 of 1st period - Shot by Marco Scandella. 6:17 of 1st period - Stopped by Ville Husso without a rebound. 6:18 of 1st period - Jason Spezza wins face-off versus Anders Lee in OKANAGAN RATTLESNAKES zone. 6:21 of 1st period - Shot by Jesper Fast. 6:21 of 1st period - Deflect By Jordan Greenway. 6:21 of 1st period - Shot Misses the Net. 6:23 of 1st period - Shot by Erik Karlsson. 6:23 of 1st period - Stopped by Ville Husso without a rebound. 6:24 of 1st period - Lars Eller wins face-off versus Jason Spezza in OKANAGAN RATTLESNAKES zone. 6:50 of 1st period - Jesper Fast is hit by Jani Hakanpaa and loses puck. 7:13 of 1st period - Icing by Jani Hakanpaa. 7:14 of 1st period - Lars Eller wins face-off versus Ryan O'Reilly in OKANAGAN RATTLESNAKES zone. 7:51 of 1st period - Marco Scandella is hit by Justin Faulk and loses puck. 7:54 of 1st period - Shot by Andrew Copp. 7:54 of 1st period - Stopped by Ville Husso without a rebound. 7:55 of 1st period - John Tavares wins face-off versus Alexander Wennberg in OKANAGAN RATTLESNAKES zone. 8:00 of 1st period - Shot by John Tavares. 8:00 of 1st period - Shot Hit the Post. 8:02 of 1st period - Shot by Clayton Keller. 8:02 of 1st period - Shot Misses the Net. 8:04 of 1st period - Shot by Clayton Keller. 8:04 of 1st period - Shot Misses the Net. 8:06 of 1st period - Shot by Teuvo Teravainen. 8:06 of 1st period - Shot Misses the Net. 8:08 of 1st period - Shot by Clayton Keller. 8:08 of 1st period - Deflect By John Tavares. 8:08 of 1st period - Goal by John Tavares - OKANAGAN RATTLESNAKES : 0 - PHOENIX MUSTANGS : 1. 8:09 of 1st period - Luke Kunin wins face-off versus Vinni Lettieri in neutral zone. 8:12 of 1st period - Shot by Justin Faulk. 8:12 of 1st period - Shot Blocked by Erik Karlsson. 8:29 of 1st period - Icing by Mattias Ekholm. 8:30 of 1st period - Luke Kunin wins face-off versus John Tavares in OKANAGAN RATTLESNAKES zone. 8:49 of 1st period - Shot by Teuvo Teravainen. 8:49 of 1st period - Stopped by Ville Husso with a rebound. 8:55 of 1st period - Shot by Clayton Keller. 8:55 of 1st period - Stopped by Ville Husso without a rebound. 8:56 of 1st period - Jason Spezza wins face-off versus Oskar Sundqvist in OKANAGAN RATTLESNAKES zone. 9:03 of 1st period - Shot by Jesper Fast. 9:03 of 1st period - Shot Misses the Net. 9:44 of 1st period - Darren Helm is hit by Jeff Petry and loses puck. 10:16 of 1st period - Shot by Teuvo Teravainen. 10:16 of 1st period - Stopped by Ville Husso without a rebound. 10:17 of 1st period - Ryan O'Reilly wins face-off versus Lars Eller in OKANAGAN RATTLESNAKES zone. 10:22 of 1st period - Shot by Andrew Copp. 10:22 of 1st period - Deflect By Ryan O'Reilly. 10:22 of 1st period - Shot Misses the Net. 10:41 of 1st period - Icing by Damon Severson. 10:42 of 1st period - Ryan O'Reilly wins face-off versus Alexander Wennberg in PHOENIX MUSTANGS zone. 11:01 of 1st period - Shot by Ryan O'Reilly. 11:01 of 1st period - Shot Misses the Net. 11:24 of 1st period - Travis Dermott is hit by John Tavares and loses puck. 12:17 of 1st period - Shot by Ondrej Kase. 12:17 of 1st period - Stopped by Ville Husso with a rebound. 12:19 of 1st period - Shot by Ondrej Kase. 12:19 of 1st period - Stopped by Ville Husso without a rebound. 12:20 of 1st period - Jason Spezza wins face-off versus Luke Kunin in OKANAGAN RATTLESNAKES zone. 12:24 of 1st period - Jesper Fast is hit by Vince Dunn and loses puck. 12:39 of 1st period - Shot by Luke Kunin. 12:39 of 1st period - Stopped by Jack Campbell without a rebound. 12:40 of 1st period - Ryan O'Reilly wins face-off versus Alexander Wennberg in PHOENIX MUSTANGS zone. 12:40 of 1st period - Ryan O'Reilly is hit by Jordan Eberle. 12:48 of 1st period - Shot by Andrew Copp. 12:48 of 1st period - Stopped by Ville Husso without a rebound. 12:49 of 1st period - John Tavares wins face-off versus Alexander Wennberg in OKANAGAN RATTLESNAKES zone. 13:10 of 1st period - Shot by Clayton Keller. 13:10 of 1st period - Shot Misses the Net. 13:12 of 1st period - Shot by Clayton Keller. 13:12 of 1st period - Shot Blocked by Jani Hakanpaa. 13:14 of 1st period - Shot by Teuvo Teravainen. 13:14 of 1st period - Stopped by Ville Husso without a rebound. 13:15 of 1st period - Lars Eller wins face-off versus Dustin Brown in OKANAGAN RATTLESNAKES zone. 13:15 of 1st period - Lars Eller is hit by Dustin Brown. 13:21 of 1st period - Shot by Ryan O'Reilly. 13:21 of 1st period - Stopped by Ville Husso without a rebound. 13:22 of 1st period - Lars Eller wins face-off versus Ryan O'Reilly in OKANAGAN RATTLESNAKES zone. 13:29 of 1st period - Shot by Lars Eller. 13:29 of 1st period - Shot Misses the Net. 13:49 of 1st period - Shot by Ryan O'Reilly. 13:49 of 1st period - Stopped by Ville Husso without a rebound. 13:50 of 1st period - Jordan Eberle wins face-off versus Teuvo Teravainen in OKANAGAN RATTLESNAKES zone. 14:01 of 1st period - Shot by John Tavares. 14:01 of 1st period - Shot Misses the Net. 14:03 of 1st period - Shot by Jeff Petry. 14:03 of 1st period - Stopped by Ville Husso without a rebound. 14:04 of 1st period - Vinni Lettieri wins face-off versus Oskar Sundqvist in OKANAGAN RATTLESNAKES zone. 14:21 of 1st period - Shot by Ty Smith. 14:21 of 1st period - Stopped by Ville Husso without a rebound. 14:22 of 1st period - John Tavares wins face-off versus Lars Eller in OKANAGAN RATTLESNAKES zone. 14:22 of 1st period - John Tavares is hit by Olli Maatta. 14:48 of 1st period - Shot by Teuvo Teravainen. 14:48 of 1st period - Stopped by Ville Husso without a rebound. 14:49 of 1st period - Jason Spezza wins face-off versus Alexander Wennberg in OKANAGAN RATTLESNAKES zone. 15:22 of 1st period - Shot by Alexander Wennberg. 15:22 of 1st period - Shot Misses the Net. 15:24 of 1st period - Shot by Mike Hoffman. 15:24 of 1st period - Shot Misses the Net. 15:26 of 1st period - Shot by Mike Hoffman. 15:26 of 1st period - Shot Blocked by Jason Spezza. 16:14 of 1st period - Shot by T.J. Oshie. 16:14 of 1st period - Stopped by Jack Campbell without a rebound. 16:15 of 1st period - Ryan O'Reilly wins face-off versus Oskar Sundqvist in PHOENIX MUSTANGS zone. 16:15 of 1st period - Ryan O'Reilly is hit by Darren Helm. 16:22 of 1st period - Shot by Andrew Copp. 16:22 of 1st period - Stopped by Ville Husso with a rebound. 16:24 of 1st period - Shot by Erik Karlsson. 16:24 of 1st period - Shot Blocked by Jani Hakanpaa. 16:28 of 1st period - Shot by Andrew Copp. 16:28 of 1st period - Shot Misses the Net. 16:30 of 1st period - Shot by Andrew Copp. 16:30 of 1st period - Deflect By Ryan O'Reilly. 16:30 of 1st period - Shot Misses the Net. 16:32 of 1st period - Shot by Erik Karlsson. 16:32 of 1st period - Stopped by Ville Husso with a rebound. 16:42 of 1st period - Shot by Andrew Copp. 16:42 of 1st period - Shot Blocked by Colin White. 16:44 of 1st period - Shot by Andrew Copp. 16:44 of 1st period - Stopped by Ville Husso without a rebound. 16:45 of 1st period - John Tavares wins face-off versus Alexander Wennberg in OKANAGAN RATTLESNAKES zone. 17:00 of 1st period - Shot by Jordan Eberle. 17:00 of 1st period - Shot Misses the Net. 17:02 of 1st period - Shot by Mike Hoffman. 17:02 of 1st period - Shot Misses the Net. 17:23 of 1st period - Shot by Mike Hoffman. 17:23 of 1st period - Shot Misses the Net. 17:38 of 1st period - Minor Penalty to T.J. Oshie for Diving. 17:39 of 1st period - Oskar Sundqvist wins face-off versus John Tavares in OKANAGAN RATTLESNAKES zone. 18:07 of 1st period - Shot by John Tavares. 18:07 of 1st period - Shot Misses the Net. 18:29 of 1st period - Jordan Eberle is hit by Dustin Brown and loses puck. 18:30 of 1st period - Jordan Eberle from OKANAGAN RATTLESNAKES is injured at 18:30 of 1st period (Sprained Left Finger). 18:31 of 1st period - Jason Spezza wins face-off versus Alexander Wennberg in OKANAGAN RATTLESNAKES zone. 19:36 of 1st period - Shot by Ryan O'Reilly. 19:36 of 1st period - Stopped by Ville Husso without a rebound. 19:37 of 1st period - Darren Helm wins face-off versus Rasmus Asplund in OKANAGAN RATTLESNAKES zone. Goals for this period are 0 for OKANAGAN RATTLESNAKES vs 1 for PHOENIX MUSTANGS. Shots for this period are 3 for OKANAGAN RATTLESNAKES vs 25 for PHOENIX MUSTANGS. 2nd period 0:01 of 2nd period - Lars Eller wins face-off versus Dustin Brown in neutral zone. 0:04 of 2nd period - Andrew Copp is hit by Lars Eller and loses puck. 0:11 of 2nd period - Shot by T.J. Oshie. 0:11 of 2nd period - Shot Misses the Net. 0:37 of 2nd period - Icing by Lars Eller. 0:38 of 2nd period - John Tavares wins face-off versus Lars Eller in OKANAGAN RATTLESNAKES zone. 1:08 of 2nd period - Shot by Oskar Sundqvist. 1:08 of 2nd period - Stopped by Jack Campbell without a rebound. 1:09 of 2nd period - Jason Spezza wins face-off versus Oskar Sundqvist in PHOENIX MUSTANGS zone. 1:18 of 2nd period - Shot by Oskar Sundqvist. 1:18 of 2nd period - Stopped by Jack Campbell with a rebound. 1:25 of 2nd period - Colin White is hit by Jeff Petry and loses puck. 1:36 of 2nd period - Shot by Oskar Sundqvist. 1:36 of 2nd period - Shot Misses the Net. 1:38 of 2nd period - Shot by Darren Helm. 1:38 of 2nd period - Stopped by Jack Campbell without a rebound. 1:39 of 2nd period - Alexander Wennberg wins face-off versus Ryan O'Reilly in PHOENIX MUSTANGS zone. 1:39 of 2nd period - Alexande